 Dungeon Crawl Stone Soup version 0.19.1-1-g22dce08 (webtiles) character file.

2018 galech the Shield-Bearer (level 9, -4/55 HPs)
             Began as a Gargoyle Fighter on Jan 10, 2017.
             Was a Follower of Makhleb.
             Killed from afar by a deep elf mage (16 damage)
             ... with a bolt of fire
             ... on level 6 of the Dungeon.
             The game lasted 00:12:48 (5391 turns).

galech the Shield-Bearer (Gargoyle Fighter)         Turns: 5391, Time: 00:12:48

Health: -4/55      AC: 18    Str: 24    XL:     9   Next: 23%
Magic:  9/9        EV:  6    Int:  8    God:    Makhleb [*.....]
Gold:   209        SH: 11    Dex:  9    Spells: 0 memorised, 8 levels left

rFire  + . .     SeeInvis .     a - +0 flail
rCold  . . .     Gourm    .     h - +0 plate armour (curse)
rNeg   + + .     Faith    .     c - +0 shield
rPois  ∞         Spirit   .     (no helmet)
rElec  +         Reflect  .     (no cloak)
rCorr  .         Harm     .     (no gloves)
MR     .....                    (no boots)
Stlth  ..........               (no amulet)
                                q - ring of positive energy
                                o - ring of protection from fire

@: no status effects
A: negative energy resistance 1, electricity resistance, unbreathing,
petrification resistance, rot immunity, AC +5
a: Renounce Religion


You were on level 6 of the Dungeon.
You worshipped Makhleb.
Makhleb was aware of your devotion.
You were near starving.

You visited 2 branches of the dungeon, and saw 8 of its levels.

You collected 209 gold pieces.

Inventory:

Hand Weapons
 a - a +0 flail (weapon)
Armour
 c - a +0 shield (worn)
 h - a cursed +0 plate armour (worn)
Jewellery
 o - a ring of protection from fire (left hand)
 q - a ring of positive energy (right hand)
Scrolls
 i - 3 scrolls of enchant weapon
 j - 3 scrolls of amnesia
 k - a scroll of blinking
 p - a scroll of enchant armour
 r - 2 scrolls of remove curse
 s - a scroll of noise {unknown}
 t - 4 scrolls of recharging
 v - a scroll of teleportation {unknown}
 w - a scroll of magic mapping {unknown}
Potions
 d - 3 potions of might
 e - a potion of lignification {unknown}
 g - a potion of heal wounds {unknown}
 l - a potion of resistance {unknown}
 n - a potion of invisibility {unknown}
 u - 2 potions of cure mutation {unknown}
 z - a potion of curing {unknown}
 B - 2 potions of degeneration {unknown}
Books
 x - a book of Misfortune

   Spells                             Type                      Level
   a - Confusing Touch                Hexes                        1
   b - Confuse                        Hexes                        3
   c - Gell's Gravitas                Hexes/Translocation          3
   d - Petrify                        Transmutation/Earth          4
   e - Metabolic Englaciation         Hexes/Ice                    5
   f - Yara's Violent Unravelling     Hexes/Transmutation          5
Comestibles
 f - 5 bread rations
 m - 3 meat rations
 A - 2 royal jellies


   Skills:
 + Level 5.6 Fighting
 + Level 6.8 Maces & Flails
 + Level 6.5 Armour
 + Level 2.1 Dodging
 + Level 1.2 Stealth
 + Level 7.7 Shields


You had 8 spell levels left.
You didn't know any spells.

Dungeon Overview and Level Annotations

Branches:
Dungeon (7/15)             Temple (1/1) D:4

Altars:
Dithmenos
Hepliaklqana
Makhleb
Ru
Yredelemnul

Shops:
D:5 (

Annotations:
D:5 Fartwhistle's ghost, novice DrWn


Innate Abilities, Weirdness & Mutations

You are resistant to torment.
Your stone body is resilient. (AC +5)
You are immune to poison.
You resist negative energy. (rN+)
You are resistant to electric shocks. (rElec)
You can survive without breathing.
You are immune to petrification.
You are immune to rotting.


Message History

The killer bee barely misses you.
The killer bee stings you but does no damage.
You closely miss the killer bee.
The killer bee stings you but does no damage.
You block the killer bee's attack. The killer bee stings you.
* * * LOW HITPOINT WARNING * * *
The killer bee stings you but does no damage.
The killer bee barely misses you.
Okay, then.
The killer bee barely misses you. You block the killer bee's attack.
The killer bee stings you but does no damage.
The killer bee stings you but does no damage.
The killer bee barely misses you. You block the killer bee's attack.
The killer bee stings you but does no damage.
You block the killer bee's attack. The killer bee completely misses you.
You see here a dagger.
The deep elf mage points at you and mumbles some strange words.
The bolt of fire hits you! You resist.
You die...

................)................
.................#.####.######.##
.................#.............##
.........##..............########
#.#.#.#####..............# #
#.......# ##.#..##..####.# #
#.#.#.### #.#..##..# #.# #
#.#.#.######.#..##..####.########
#.#.............@yy..............
...............#.#..####.########
#.###.........##....####.########
#.###.#.#.#.........[..#.........
..................e.#############
........###...###.)## #.#
..###...###...####>#####.#
.........##...#..........#
..........§§..#..........#


You could see a deep elf mage and 2 killer bees.

Vanquished Creatures
  Pikel (D:7)
  A water moccasin (D:6)
  A slave (D:7)
  An ice beast (D:7)
  A black bear (D:7)
  3 ogres
  2 centaurs (D:5)
  2 bullfrogs (D:6)
  A wyvern zombie (D:6)
  A scorpion (D:4)
  A killer bee (D:6)
  2 crimson imps
  An orc priest (D:4)
  A hound (D:4)
  Jessica (D:1)
  Ijyb (D:1)
  An iguana (D:6)
  4 orc wizards
  3 worker ants
  A hound zombie (D:5)
  A howler monkey skeleton (D:6)
  5 adders
  4 gnolls (D:6)
  An ooze (D:3)
  2 worms
  3 dart slugs
  3 leopard geckos
  14 orcs
  5 giant cockroaches
  3 goblins
  10 hobgoblins
  10 jackals
  3 quokkas
  2 bats
  9 frilled lizards
  A jackal skeleton (D:6)
  8 kobolds
  7 rats
121 creatures vanquished.

Vanquished Creatures (others)
  A slave (D:7)
  An iguana (D:6)
  A leopard gecko (D:5)
3 creatures vanquished.

Grand Total: 124 creatures vanquished

Notes
Turn   | Place    | Note
-------+----------+-------------------------------------------
     0 | D:1      | galech the Gargoyle Fighter began the quest for the Orb.
     0 | D:1      | Reached XP level 1. HP: 14/14 MP: 1/1
   150 | D:1      | Reached XP level 2. HP: 19/19 MP: 2/2
   542 | D:1      | Reached XP level 3. HP: 20/24 MP: 3/3
   587 | D:2      | Noticed Jessica
   587 | D:2      | Noticed Ijyb
   594 | D:1      | Killed Jessica
   594 | D:1      | Reached skill level 4 in Shields
   672 | D:1      | Killed Ijyb
   672 | D:1      | Reached XP level 4. HP: 28/29 MP: 4/4
  1285 | D:2      | Reached XP level 5. HP: 33/33 MP: 5/5
  2329 | D:4      | Reached XP level 6. HP: 38/38 MP: 6/6
  2388 | D:4      | Reached skill level 1 in Dodging
  2530 | D:4      | Reached skill level 5 in Shields
  2574 | D:4      | Reached XP level 7. HP: 44/44 MP: 7/7
  2814 | D:4      | Found a staircase to the Ecumenical Temple.
  2820 | Temple   | Entered the Ecumenical Temple
  2854 | Temple   | Became a worshipper of Makhleb the Destroyer
  3021 | D:5      | Entered Level 5 of the Dungeon
  3106 | D:5      | Noticed Fartwhistle's ghost (novice DrWn)
  3660 | D:5      | Reached skill level 5 in Maces & Flails
  3705 | D:5      | Found Weazxal's Antique Weapon Shoppe.
  3748 | D:6      | Reached skill level 5 in Armour
  3935 | D:7      | Reached XP level 8. HP: 43/48 MP: 8/8
  3990 | D:6      | Reached skill level 6 in Shields
  4001 | D:6      | Reached skill level 5 in Fighting
  4005 | D:6      | Noticed Pikel
  4431 | D:7      | Killed Pikel
  4431 | D:7      | Reached skill level 1 in Stealth
  4431 | D:7      | Reached skill level 7 in Shields
  4483 | D:6      | Reached XP level 9. HP: 40/54 MP: 9/9
  4618 | D:6      | Reached * piety under Makhleb
  5082 | D:6      | Found a sacrificial altar of Ru.
  5193 | D:6      | Noticed a deep elf mage
  5391 | D:6      | Killed from afar by a deep elf mage

Skill      XL: |  1  2  3  4  5  6  7  8 |
---------------+-------------------------+-----
Shields        | 4 5 7 |  7.7
Fighting       | 4 5 |  5.6
Maces & Flails | 3 4 5 6 |  6.8
Armour         | 4 5 6 |  6.5
Dodging        | 1 2 |  2.1
Stealth        | 1 |  1.2

Action                   |  1- 3 |  4- 6 |  7- 9 || total
-------------------------+-------+-------+-------++-------
Melee: Flail             |    63 |   293 |   277 ||   633
  Use: Scroll            |       |     6 |     2 ||     8
  Eat: Chunk             |       |     6 |     8 ||    14
Armor: Scale mail        |    36 |   182 |     7 ||   225
       Plate armour      |       |       |   400 ||   400
Dodge: Dodged            |    22 |   121 |   116 ||   259
Block: Shield            |    34 |   206 |   284 ||   524
